Map: Nightshade LE

Players

antagomiR - Winner!

  • Race: Protoss Protoss
  • League: Gold
  • Spawn Location: 5:00

BlackOrm

  • Race: Zerg Zerg
  • League: Gold
  • Spawn Location: 11:00

VOD

Have the link to the VOD?

Description

Time

  • Played on: April 8, 2020, 12:44 a.m.
  • Length: 14:27
Show
View Real Time Build Order
Export as new Build Order

antagomiR Protoss - Winner!

Build Orders:  

Get SALT Encoding   

  12  0:01  Probe  
  13  0:13  Probe  
  14  0:20  Pylon  
  14  0:25  Probe  
  15  0:42  Gateway  
  15  0:43  Probe  
  16  0:55  Probe  
  16  0:56  Assimilator  
  17  1:12  Probe  
  18  1:29  Probe  
  19  1:34  Cybernetics Core  
  18  1:41  Probe  
  19  1:53  Probe  
  20  1:57  Gateway  
  20  2:10  Gateway  
  20  2:12  Warp Gate (Chrono Boost)  
  20  2:17  Adept, Nexus  
  22  2:27  Probe  
  23  2:39  Pylon  
  23  2:56  Stalker  
  23  2:57  Probe  
  26  3:00  Stalker  
  28  3:09  Probe, Assimilator  
  29  3:21  Probe  
  30  3:28  Stalker  
  30  3:30  Probe  
  30  3:33  Probe  
  34  3:35  Pylon  
  34  3:42  Probe  
  34  3:45  Probe  
  36  3:51  Shield Battery  
  36  3:54  Probe  
  37  3:55  Sentry  
  37  4:00  Probe  
  40  4:06  Probe  
  40  4:07  Robotics Facility  
  41  4:12  Probe  
  41  4:14  Gateway  
  41  4:16  Gateway  
  42  4:18  Probe  
  42  4:23  Stalker  
  45  4:24  Probe  
  45  4:30  Probe  
  47  4:32  Assimilator  
  47  4:36  Probe  
  48  4:42  Probe  
  49  4:46  Pylon  
  49  5:00  Pylon  
  49  5:03  Observer  
  49  5:05  Probe x2  
  49  5:06  Forge  
  52  5:14  Assimilator  
  52  5:16  Sentry x2  
  52  5:17  Probe x2  
  58  5:25  Observer  
  59  5:29  Probe  
  59  5:30  Probe  
  61  5:40  Protoss Ground Weapons Level 1 (Chrono Boost)  
  61  5:41  Probe  
  61  5:42  Probe  
  63  5:44  Pylon  
  63  5:46  Immortal  
  67  5:54  Probe x2  
  69  6:06  Probe  
  69  6:08  Probe  
  69  6:10  Stalker x3  
  77  6:18  Probe  
  78  6:39  Nexus  
  78  6:40  Pylon, Twilight Council  
  78  6:44  Pylon  
  78  6:57  Pylon  
  78  6:58  Immortal (Chrono Boost)  
  78  6:59  Probe  
  83  7:01  Pylon  
  83  7:14  Probe x2  
  85  7:25  Zealot  
  85  7:26  Probe x2  
  93  7:30  Immortal  
  92  7:38  Probe  
  92  7:41  Shield Battery  
  92  7:42  Shield Battery  
  93  8:00  Gateway  
  93  8:01  Gateway  
  93  8:06  Gateway  
  93  8:07  Photon Cannon  
  93  8:09  Immortal  
  97  8:15  Photon Cannon  
  97  8:16  Photon Cannon  
  97  8:17  Protoss Ground Weapons Level 2 (Chrono Boost)  
  97  8:18  Observer  
  97  8:20  Assimilator  
  97  8:21  Assimilator  
  97  8:23  Charge (Chrono Boost)  
  97  8:31  Zealot  
  97  8:32  Zealot x2  
  103  8:42  Probe x2  
  109  8:48  Immortal  
  109  8:54  Probe x2  
  109  8:55  Stalker x2  
  115  9:03  Templar Archives  
  115  9:06  Probe  
  116  9:19  Robotics Facility  
  116  9:24  Probe x3  
  119  9:27  Immortal  
  123  9:36  Probe x2  
  125  9:45  Pylon  
  125  9:46  Pylon  
  125  9:58  Probe  
  124  10:07  Immortal  
  126  10:24  High Templar x2  
  126  10:25  High Templar x4  
  126  10:26  High Templar  
  126  10:28  Archon  
  140  10:29  Archon x2  
  140  10:36  Pylon  
  140  10:37  Shield Battery  
  140  10:39  Pylon  
  140  10:46  Nexus  
  140  10:47  Stargate  
  140  10:48  Stargate  
  140  10:51  Pylon  
  140  11:02  High Templar x3  
  140  11:03  High Templar x2, Gateway  
  150  11:04  High Templar x2  
  150  11:09  Archon x2  
  150  11:10  Archon  
  150  11:11  Archon  
  154  11:12  Immortal x2  
  162  11:25  Pylon  
  162  11:28  Pylon  
  162  11:30  Assimilator  
  162  11:32  Assimilator  
  162  11:40  Zealot  
  164  11:48  Pylon, Zealot x3  
  164  11:49  Pylon, Zealot x3  
  164  11:52  Pylon  
  164  11:54  Pylon  
  176  11:55  Pylon  
  166  12:36  High Templar  
  166  12:37  High Templar x4  
  170  12:38  High Templar x2  
  170  12:39  Sentry  
  170  12:41  Archon x2  
  170  12:42  Archon  
  170  12:43  Immortal x2  
  170  13:10  Stalker  
  170  13:11  Stalker x3  
  170  13:12  Stalker x4  
  183  13:22  Immortal  
  183  13:23  Immortal  
  182  13:38  Stalker  
  182  13:39  Stalker x2  
  182  13:40  Stalker  
  180  13:42  Stalker  
  180  13:43  Stalker  
  184  14:06  High Templar  
  185  14:10  Probe x2  
Show
View Real Time Build Order
Export as new Build Order

BlackOrm Zerg 

Build Orders: Pool First 

Get SALT Encoding   

  12  0:01  Drone  
  13  0:08  Drone  
  14  0:17  Extractor, Drone  
  15  0:23  Overlord  
  15  0:40  Spawning Pool  
  15  0:41  Drone  
  15  0:46  Drone  
  15  0:49  Drone  
  17  0:55  Drone  
  18  1:09  Drone  
  19  1:15  Extractor  
  18  1:23  Extractor, Drone  
  18  1:34  Drone  
  18  1:36  Queen  
  21  1:45  Zergling x2, Roach Warren  
  21  1:52  Drone  
  22  2:00  Overlord  
  22  2:28  Roach x2  
  26  2:36  Drone  
  27  2:43  Drone  
  28  2:45  Zergling x2  
  28  2:46  Zergling x2  
  28  2:47  Overlord  
  30  3:13  Queen  
  30  3:18  Overlord  
  30  3:19  Roach x2  
  36  3:29  Hatchery  
  35  3:52  Drone x4  
  38  4:16  Zergling x8  
  42  4:20  Extractor  
  41  4:25  Roach  
  41  4:29  Extractor  
  41  4:57  Roach x4  
  41  4:58  Roach  
  51  5:02  Drone  
  52  5:18  Overlord x2  
  52  5:28  Lair  
  52  5:34  Burrow  
  52  5:50  Zergling x8  
  52  5:51  Zergling x4  
  58  6:10  Drone x3  
  58  6:35  Drone x3  
  58  6:36  Drone x5  
  66  6:44  Overlord x2  
  66  6:46  Overlord x2  
  66  7:00  Spire  
  65  7:12  Tunneling Claws  
  55  7:46  Roach x3  
  55  7:47  Roach x3  
  67  8:00  Drone  
  67  8:01  Drone x5  
  73  8:34  Hatchery  
  73  8:39  Hatchery  
  71  8:55  Mutalisk x6  
  73  8:56  Mutalisk x2  
  88  9:10  Drone  
  88  9:16  Roach x9  
  88  9:21  Zergling x4  
  88  9:22  Zergling x8  
  94  9:28  Metabolic Boost  
  94  9:30  Glial Reconstitution  
  94  9:33  Zerg Flyer Weapons Level 1  
  94  9:38  Roach x14  
  94  9:51  Roach x7  
  94  9:52  Roach x2  
  112  9:53  Overlord x2  
  98  10:41  Queen  
  100  10:51  Mutalisk x3  
  100  10:52  Mutalisk x6  
  118  11:22  Zergling x4  
  118  11:23  Zergling x12  
  126  11:42  Mutalisk  
  126  11:45  Overlord x4  
  121  12:14  Roach x2  
  121  12:15  Roach x6  
  137  12:16  Roach x5  
  115  12:34  Mutalisk x4  
  75  12:47  Drone x3  
  64  13:12  Hatchery  
  45  13:26  Hatchery  
Tags
 
League
GoldGold
Matchup
PvZ
Opening
Pool First
Replay Pack
20200422
Spawn Locations
Cross Positions
Add a new tag
Caveats
  • Supply blocks, unpowered buildings, or Contaminate may cause inaccurate times.
  • Supply counts are checked every 10 seconds.